Map: Terraform LE (Void)

Players

DrGreenthumb

  • Race: Zerg Zerg
  • League: Bronze

wabbajack - Winner!

  • Race: Zerg Zerg
  • League: Gold

VOD

Have the link to the VOD?

Description

Time

  • Played on: July 20, 2015, 1:20 p.m.
  • Length: 5:52
Show
View Real Time Build Order
Export as new Build Order

DrGreenthumb Zerg 

Build Orders: Hatch First 

Get SALT Encoding   

  12  0:03  Drone  
  13  0:11  Drone  
  14  0:17  Overlord  
  14  0:24  Extractor  
  14  0:26  Drone  
  15  0:36  Drone  
  15  0:39  Drone  
  17  0:55  Hatchery  
  16  1:09  Spawning Pool  
  15  1:21  Drone x3  
  18  1:26  Extractor  
  18  1:30  Extractor  
  18  1:32  Overlord  
  16  1:44  Drone  
  17  1:56  Drone, Queen  
  20  2:07  Queen  
  20  2:08  Drone  
  23  2:13  Metabolic Boost  
  23  2:17  Drone  
  23  2:21  Drone  
  25  2:27  Drone  
  26  2:34  Baneling Nest  
  25  2:55  Overlord  
  25  2:56  Drone  
  25  2:57  Drone  
  27  3:04  Drone x3  
  30  3:10  Zergling x6  
  33  3:21  Drone x4  
  37  3:38  Drone  
  37  3:39  Drone  
  39  3:42  Lair  
  39  3:53  Baneling x4  
  39  4:03  Drone x3  
  39  4:04  Drone x2  
  39  4:06  Extractor  
  42  4:20  Zergling x2  
  42  4:21  Zergling x2  
  42  4:22  Overlord x3  
  40  4:47  Spine Crawler, Zergling x8  
  40  4:48  Zergling x12  
  40  4:49  Zergling x6  
  37  5:04  Queen  
  37  5:08  Spine Crawler  
  37  5:09  Baneling  
  37  5:10  Baneling x3  
  33  5:17  Zergling x4  
  33  5:18  Zergling x4  
  17  5:28  Zergling x6  
  17  5:29  Zergling x2  
Show
View Real Time Build Order
Export as new Build Order

wabbajack Zerg - Winner!

Build Orders: Hatch First 

Get SALT Encoding   

  12  0:01  Drone  
  13  0:13  Overlord  
  13  0:19  Drone  
  14  0:25  Extractor  
  14  0:26  Drone  
  15  0:36  Drone x2  
  17  0:56  Hatchery  
  16  1:02  Drone, Extractor  
  16  1:04  Drone  
  16  1:09  Drone  
  18  1:23  Spawning Pool  
  17  1:26  Drone  
  17  1:29  Drone  
  19  1:40  Overlord  
  19  1:52  Drone  
  20  2:04  Drone  
  21  2:10  Queen  
  21  2:11  Queen  
  21  2:15  Spine Crawler  
  24  2:21  Drone x3  
  27  2:31  Roach Warren  
  26  2:39  Drone x3  
  29  2:48  Metabolic Boost  
  29  2:53  Overlord  
  29  2:58  Overlord  
  33  3:12  Roach  
  33  3:13  Roach  
  33  3:21  Roach  
  33  3:22  Roach x4  
  43  3:28  Roach  
  43  3:30  Roach  
  43  3:34  Overlord  
  47  3:38  Roach  
  49  3:46  Roach  
  51  3:53  Overlord  
  51  4:09  Zergling x2  
  52  4:10  Zergling x16  
  52  4:16  Overlord  
  61  4:24  Zergling x8  
  61  4:52  Zergling x10  
  66  5:05  Overlord  
  66  5:06  Zergling x2  
  66  5:07  Zergling x14  
  71  5:47  Extractor  
Tags
 
Add a new tag
Caveats
  • Supply blocks, unpowered buildings, or Contaminate may cause inaccurate times.
  • Supply counts are checked every 10 seconds.